 Dungeon Crawl Stone Soup version 0.23-a0-642-g3120c2f (webtiles) character file.

14430 zishaf the Spear-Bearer (level 12, -11/90 HPs)
             Began as a Merfolk Gladiator on Dec 30, 2018.
             Was an Elder of Hepliaklqana.
             Shot with a bolt by a yaktaur (15 damage)
             ... on level 12 of the Dungeon.
             The game lasted 00:33:16 (13498 turns).

zishaf the Spear-Bearer (Merfolk Gladiator)        Turns: 13498, Time: 00:33:16

Health: -11/90     AC: 18    Str: 24    XL:     12   Next: 16%
Magic:  16/16      EV: 14    Int:  7    God:    Hepliaklqana [****..]
Gold:   773        SH:  0    Dex: 15    Spells: 11/11 levels left

rFire    + + .     SeeInvis +   a - +4 halberd
rCold    . . .     Gourm    .   (shield currently unavailable)
rNeg     . . .     Faith    .   D - +4 chain mail of Marbles {rF++ Regen+ Str+2}
rPois    .         Spirit   .   O - +2 hat {SInv}
rElec    .         Reflect  .   n - scarf {repulsion}
rCorr    +         Harm     .   t - +0 pair of gloves (curse)
MR       .....                  A - +0 pair of boots of the True Pharaoh {rCorr}
Stlth    ..........             (no amulet)
HPRegen  0.65/turn              H - +2 ring of strength
MPRegen  0.15/turn              (no ring)

@: repel missiles
A: change form in water, swift swim, stealthy swim, reduced essence
a: Recall Ancestor, Ancestor Identity, Transference, Idealise, Renounce Religion


You were on level 12 of the Dungeon.
You worshipped Hepliaklqana.
Hepliaklqana was greatly pleased with you.
You were hungry.

You visited 2 branches of the dungeon, and saw 13 of its levels.

You collected 923 gold pieces.
You spent 150 gold pieces at shops.

Inventory:

Hand Weapons
 a - a +4 halberd (weapon)
 b - the +8 hand crossbow of Daclui {speed, -Tele rPois MR+++ Stlth-}
   (You found it on level 11 of the Dungeon)

   Attacks with this weapon are significantly faster.
   It protects you from poison.
   It affects your resistance to hostile enchantments.
   It prevents most forms of teleportation.
   It makes you less stealthy.
 s - the +1 short sword "Viete" {venom, rC+ Int+2 Dex+4}
   (You found it on level 4 of the Dungeon)

   It poisons the flesh of those it strikes.
   It affects your intelligence (+2).
   It affects your dexterity (+4).
   It protects you from cold.
Missiles
 c - 15 tomahawks (quivered)
 d - 3 throwing nets {!f}
 r - 134 bolts
 B - 50 poisoned needles
 I - 4 needles of confusion
 K - 2 silver tomahawks
 M - 8 javelins
 R - 8 javelins of returning
Armour
 n - a scarf of repulsion (worn)
 p - a +0 cloak
 t - a cursed +0 pair of gloves (worn)
 A - the +0 pair of boots of the True Pharaoh (worn) {rCorr}
   (You found it on level 8 of the Dungeon)

   It provides partial protection from all sources of acid and corrosion.
 D - the +4 chain mail of Marbles (worn) {rF++ Regen+ Str+2}
   (You found it on level 8 of the Dungeon)

   It affects your strength (+2).
   It greatly protects you from fire.
   It increases your rate of regeneration.
 O - a +2 hat of see invisible (worn)
Jewellery
 H - a +2 ring of strength (left hand)
 L - a cursed ring of attention
Wands
 o - a wand of paralysis (18)
 v - a wand of flame (1)
 x - a wand of clouds (3)
Scrolls
 e - a scroll of blinking
 i - 3 scrolls of enchant armour
 j - 2 scrolls of enchant weapon
 m - 7 scrolls of teleportation
 q - 6 scrolls of immolation
 y - a scroll of fog
 C - 2 scrolls of fear {unknown}
 G - a scroll of magic mapping
 J - 5 scrolls of identify
Potions
 g - a potion of invisibility
 h - 2 potions of might
 k - a potion of flight
 l - a potion of berserk rage
 u - 3 potions of lignification
 w - 3 potions of brilliance
 z - 7 potions of curing
 E - 3 potions of cancellation
 F - 2 potions of resistance
 N - 3 potions of heal wounds
 P - a potion of ambrosia {unknown}
Miscellaneous
 Q - a box of beasts
 T - a lightning rod (3/4)
Comestibles
 f - 18 rations
 S - 9 chunks of flesh


   Skills:
 + Level 11.1 Fighting
 - Level 14.2 Polearms
 + Level 0.4 Crossbows
 - Level 5.0 Throwing
 + Level 5.2 Armour
 - Level 11.0 Dodging
 + Level 6.6 Invocations
 - Level 2.0 Evocations


You had 11 spell levels left.
You didn't know any spells.
Your spell library contained the following spells:

 Spells                   Type           Power        Failure   Level  Hunger
 Magic Dart               Conj           #...         97%         1    ##.....
 Pain                     Necr           #...         97%         1    ##.....
 Shock                    Conj/Air       #...         97%         1    ##.....
 Searing Ray              Conj           #.....       99%         2    ###....
 Swiftness                Chrm/Air       #.......     99%         2    ###....
 Dazzling Spray           Conj/Hex       #.....       100%        3    ####...
 Static Discharge         Conj/Air       #.......     100%        3    ####...
 Airstrike                Air            #.........   100%        4    #####..
 Force Lance              Conj/Tloc      #.......     100%        4    #####..
 Fulminant Prism          Conj/Hex       #.........   100%        4    #####..
 Iskenderun's Mystic Bla  Conj           #.......     100%        4    #####..
 Lightning Bolt           Conj/Air       #.........   100%        5    ######.


Dungeon Overview and Level Annotations

Branches:
Dungeon (12/15)            Temple (1/1) D:4            Lair (0/6) D:10
    Orc (0/2) D:11

Altars:
Ashenzari
Cheibriados
Dithmenos
Elyvilon
Fedhas
Hepliaklqana
Kikubaaqudgha
Makhleb
Nemelex Xobeh
Okawaru
Qazlal
Ru
Sif Muna
Trog
Uskayaw
Vehumet
Wu Jian
Xom
Yredelemnul
Zin
The Shining One

Shops:
D:11 !

Annotations:
D:11 4 runed doors


Message History

The yaktaur shoots a bolt.
The bolt hits you!!
You see here 3 bolts.
The yaktaur shoots a bolt.
The bolt is repelled.
You see here 3 bolts.
You see here a bolt.
The yaktaur shoots a bolt.
The bolt hits you!
* * * LOW HITPOINT WARNING * * *
You see here a bolt.
There is an open door here.
As you close the door, it creaks loudly!
Something unseen opens the door.
There is an open door, spattered with blood here.
You see here a howler monkey skeleton.
You see here a hippogriff skeleton.
You close the door, pushing everything out of the way.
A yaktaur opens the door.
The yaktaur shoots a bolt.
The bolt hits you!!
* * * LOW HITPOINT WARNING * * *
The yaktaur shoots a bolt.
The bolt hits you!
You die...

#....#
#........#
##c###
#..cc....# #.
####'##### #
#รท## #..# ##.#
#.# #.#
#######@########
................
#######.########
#.# #.# #.# #.#
#.# ###'######


You could see 2 yaktaurs.

Vanquished Creatures
  Gastronok (D:9)
  Erica (D:9)
  A two-headed ogre (D:11)
  A hornet (D:11)
  Prince Ribbit (D:6)
  A hippogriff (shapeshifter) (D:11)
  3 hippogriffs
  2 shadows (D:11)
  A vampire (D:10)
  A wyvern (D:8)
  8 yaks
  A warg (D:10)
  A water moccasin (D:6)
  5 orc warriors
  5 sky beasts
  A black bear (D:9)
  A phantom (D:9)
  An ice beast (D:6)
  4 ogres
  5 centaurs
  2 bullfrogs
  A wyvern zombie (D:6)
  A water moccasin zombie (D:9)
  A wyvern skeleton (D:6)
  6 scorpions
  5 killer bees (D:9)
  A water moccasin skeleton (D:4)
  7 wights
  3 howler monkeys
  8 crimson imps
  A centaur zombie (D:6)
  6 jellies
  A quasit (D:8)
  2 bullfrog zombies (D:6)
  A centaur skeleton (D:6)
  6 hounds
  9 orc priests
  14 orc wizards
  6 iguanas
  6 worker ants
  A killer bee zombie (D:9)
  A hound zombie (D:11)
  4 worker ant zombies
  2 gnolls (D:6)
  2 howler monkey skeletons
  14 adders
  An adder zombie (D:6)
  An adder skeleton (D:6)
  5 worms
  A dart slug (D:1)
  2 leopard geckos
  33 orcs
  4 bats
  3 giant cockroaches
  3 goblins
  8 hobgoblins
  8 jackals
  14 kobolds
  5 quokkas
  2 ball pythons
  A ball python zombie (D:6)
  2 frilled lizards
  A giant cockroach zombie (D:6)
  A jackal skeleton (D:6)
  3 leopard gecko zombies
  A quokka skeleton (D:6)
  A quokka zombie (D:6)
  6 rats
262 creatures vanquished.

Vanquished Creatures (collateral kills)
  An ugly thing (D:11)
  A queen bee (D:9)
  A troll (D:11)
  A yak (D:10)
  A wraith (D:11)
  A hungry ghost (D:12)
  A warg (D:10)
  An orc warrior (D:10)
  An ice beast (D:10)
  An eye of draining (D:9)
  An ogre (D:4)
  The ghost of ezpacito the Skirmisher, an amateur DsBe of Trog (D:4)
  A bullfrog (D:8)
  2 scorpions
  A wight (D:6)
  9 killer bees
  A howler monkey (D:9)
  3 crimson imps
  2 centaur zombies (D:6)
  A quasit (D:8)
  A hound (D:6)
  3 bullfrog zombies
  2 centaur skeletons
  A jelly (D:6)
  A bullfrog skeleton (D:7)
  3 orc priests
  4 orc wizards
  2 iguanas
  A worker ant (D:4)
  A hound skeleton (D:6)
  3 worker ant zombies
  2 gnolls (D:6)
  4 adders
  A shadow imp (D:5)
  An adder zombie (D:6)
  An adder skeleton (D:9)
  A worm (D:5)
  11 orcs
  A giant cockroach (D:4)
  A goblin (D:5)
  A kobold (D:5)
  2 quokkas
  2 ball pythons (D:4)
  A leopard gecko zombie (D:6)
83 creatures vanquished.

Vanquished Creatures (others)
  9 battlemagi
  7 ancestors
16 creatures vanquished.

Grand Total: 361 creatures vanquished

Notes
Turn   | Place    | Note
-------+----------+-------------------------------------------
     0 | D:1      | zishaf the Merfolk Gladiator began the quest for the Orb.
     0 | D:1      | Reached XP level 1. HP: 16/16 MP: 1/1
   185 | D:1      | Reached XP level 2. HP: 23/23 MP: 2/2
   601 | D:1      | Reached skill level 1 in Armour
   678 | D:1      | Reached XP level 3. HP: 15/28 MP: 3/3
  1188 | D:2      | Found a faded altar of an unknown god.
  1214 | D:2      | Reached skill level 5 in Polearms
  1369 | D:2      | Reached XP level 4. HP: 19/34 MP: 4/4
  1639 | D:2      | Found a white marble altar of Elyvilon.
  1654 | D:2      | Became a worshipper of Elyvilon the Healer
  2253 | D:2      | Reached XP level 5. HP: 34/41 MP: 5/5
  2337 | D:3      | Reached skill level 5 in Dodging
  3344 | D:4      | Reached * piety under Elyvilon
  3345 | D:4      | Noticed a centaur
  3360 | D:4      | Killed a centaur
  3360 | D:4      | Reached skill level 6 in Polearms
  3360 | D:4      | Reached XP level 6. HP: 20/48 MP: 6/6
  3545 | D:4      | Found a staircase to the Ecumenical Temple.
  3598 | Temple   | Entered the Ecumenical Temple
  3615 | Temple   | Fell from the grace of Elyvilon
  3615 | Temple   | Became a worshipper of Hepliaklqana the Forgotten
  3689 | D:4      | Found a runed door.
  3689 | D:4      | Noticed ezpacito's ghost (amateur DsBe)
  4196 | D:4      | Reached XP level 7. HP: 49/49 MP: 7/7
  4227 | D:4      | Reached skill level 7 in Polearms
  5133 | D:4      | Reached skill level 5 in Fighting
  5209 | D:4      | Got a slimy short sword
  5317 | D:4      | Found a runed door.
  5318 | D:4      | Identified the +1 short sword "Viete" {venom, rC+ Int+2
                  | Dex+4} (You found it on level 4 of the Dungeon)
  5364 | D:5      | Entered Level 5 of the Dungeon
  5373 | D:5      | Found a glowing golden altar of the Shining One.
  5414 | D:5      | Found a shattered altar of Ashenzari.
  5710 | D:5      | Reached * piety under Hepliaklqana
  5835 | D:5      | Found an iron altar of Okawaru.
  5945 | D:5      | Reached skill level 8 in Polearms
  6132 | D:5      | Reached XP level 8. HP: 54/56 MP: 8/8
  6420 | D:6      | Noticed Prince Ribbit
  6498 | D:6      | Killed Prince Ribbit
  6605 | D:6      | Reached skill level 9 in Polearms
  6820 | D:6      | Found a radiant altar of Vehumet.
  6821 | D:6      | Found a burning altar of Makhleb.
  7090 | D:6      | Reached XP level 9. HP: 61/64 MP: 9/9
  7154 | D:6      | Reached skill level 10 in Polearms
  7772 | D:6      | Found a sacrificial altar of Ru.
  7917 | D:6      | Found a shadowy altar of Dithmenos.
  7938 | D:6      | Reached ** piety under Hepliaklqana
  7952 | D:6      | Remembered your ancestor Xochipepe as a battlemage
  8287 | D:7      | Reached skill level 11 in Polearms
  8287 | D:7      | Reached skill level 1 in Evocations
  8334 | D:7      | Found a glowing silver altar of Zin.
  8535 | D:7      | Found a bloodstained altar of Trog.
  8751 | D:7      | Identified a scroll of acquirement
  8850 | D:8      | Got a pair of brightly glowing boots
  8856 | D:8      | Identified the +0 pair of boots of the True Pharaoh {rCorr}
                  | (You found it on level 8 of the Dungeon)
  9148 | D:8      | Reached XP level 10. HP: 73/73 MP: 11/11
  9185 | D:8      | Got a shimmering chain mail
  9281 | D:8      | Found a sparkling altar of Nemelex Xobeh.
  9282 | D:8      | Found an ancient bone altar of Kikubaaqudgha.
  9352 | D:8      | Reached *** piety under Hepliaklqana
  9673 | D:9      | Noticed Gastronok
 10079 | D:8      | Reached skill level 1 in Invocations
 10246 | D:9      | Killed Gastronok
 10246 | D:9      | Reached skill level 12 in Polearms
 10275 | D:8      | Identified the +4 chain mail of Marbles {rF++ Regen+ Str+2}
                  | (You found it on level 8 of the Dungeon)
 10331 | D:9      | Noticed Erica
 10352 | D:9      | Killed Erica
 10439 | D:9      | Reached XP level 11. HP: 69/81 MP: 13/13
 10448 | D:9      | Reached skill level 10 in Dodging
 10682 | D:9      | Found a snail-covered altar of Cheibriados.
 10783 | D:9      | Reached skill level 10 in Fighting
 10878 | D:9      | Found a deep blue altar of Sif Muna.
 10888 | D:9      | Reached skill level 13 in Polearms
 10891 | D:9      | Identified Sif Muna's Papyrus of Evil Rituals
 10919 | D:10     | Entered Level 10 of the Dungeon
 10962 | D:10     | Reached skill level 5 in Invocations
 11087 | D:10     | Found a staircase to the Lair.
 11231 | D:10     | Reached skill level 5 in Throwing
 11434 | D:10     | Found a blossoming altar of Fedhas.
 11463 | D:10     | Reached **** piety under Hepliaklqana
 11651 | D:11     | Got a warped hand crossbow
 11681 | D:11     | Identified the +8 hand crossbow of Daclui {speed, -Tele
                  | rPois MR+++ Stlth-} (You found it on level 11 of the
                  | Dungeon)
 11874 | D:11     | Found a staircase to the Orcish Mines.
 12070 | D:11     | Noticed a brown ugly thing
 12077 | D:11     | Killed a brown ugly thing
 12083 | D:11     | Noticed a two-headed ogre
 12092 | D:11     | Killed a two-headed ogre
 12151 | D:11     | Reached skill level 14 in Polearms
 12157 | D:11     | Reached XP level 12. HP: 89/89 MP: 16/16
 12372 | D:11     | Reached skill level 5 in Armour
 12427 | D:11     | Found a large runed door.
 12429 | D:11     | Found Otta's Distillery.
 12431 | D:11     | Found a large runed door.
 12435 | D:11     | Bought a potion of heal wounds for 75 gold pieces
 12435 | D:11     | Bought a potion of heal wounds for 75 gold pieces
 12437 | D:11     | Found a large runed door.
 12438 | D:11     | Found a large runed door.
 12944 | D:4      | Killed ezpacito's ghost
 13498 | D:12     | HP: 4/90 [yaktaur/bolt (31)]
 13498 | D:12     | Shot with a bolt by a yaktaur

Vault maps used:
D:1:      shiori_arrival_maze, hex_intersection
D:2:      elyvilon_altar_4, chequers_ecumenical_altar_twisty, st_stairs_14
D:3:      first_ration, minmay_unequal
D:4:      minmay_temple_entry_waves, ebering_ghost_sewer_f
D:5:      kennysheep_little_box, nicolae_overflow_crystal_walls,
          minmay_misc_feat_iff, hangedman_decor_opposing,
          minmay_misc_feat_plants, okawaru_altar_gauntlet_db
D:6:      grunt_temple_overflow_lords_of_destruction,
          nicolae_ru_the_path_less_chosen, kennysheep_mini, serial_undead,
          serial_undead_f, serial_undead_d, serial_undead_d, serial_undead_d,
          serial_undead_a, serial_undead_d, serial_undead_c, serial_undead_f,
          serial_undead_d, serial_undead_d, uniq_prince_ribbit1
D:7:      lemuel_doored_altar, zin_statuary
D:8:      gammafunk_temple_overflow_statue
D:9:      led_sif_book, basic_altar, david_nohive_1, uniq_erica, uniq_gastronok
D:10:     erik_lair_orcish_takeover, fedhas_altar_fruit_tree
D:11:     hiddenorc2_lemuel, serial_shops, shop, minmay_hollow_rounded_squares
D:12:     enter_trove_5, uniq_nergalle, uniq_snorg
Temple:   compressed_dpeg_triangle_lava_temple

Skill      XL: |  1  2  3  4  5  6  7  8  9 10 11 12 |
---------------+-------------------------------------+-----
Armour         | 1 2 3 4 5 |  5.2
Polearms       | 5 6 8 9 11 12 14 | 14.2
Fighting       | 3 4 5 7 8 9 10 11 | 11.1
Dodging        | 5 6 7 8 9 11 | 11.0
Throwing       | 3 4 5 |  5.0
Evocations     | 1 2 |  2.0
Invocations    | 3 6 |  6.6
Crossbows      | |  0.4

Action                   |  1- 3 |  4- 6 |  7- 9 | 10-12 || total
-------------------------+-------+-------+-------+-------++-------
Melee: Trident           |   124 |   220 |   223 |       ||   567
       Halberd           |       |       |   119 |   417 ||   536
Throw: Throwing net      |     3 |       |       |       ||     3
       Tomahawk          |       |       |       |     9 ||     9
Invok: Ancestor Identity |       |     1 |       |       ||     1
       Recall Ancestor   |       |       |     2 |     2 ||     4
       Ancestor Life: Ba |       |       |     1 |       ||     1
Evoke: Wand              |       |       |     2 |       ||     2
       Lightning rod     |       |       |       |     1 ||     1
  Use: Potion            |     5 |       |       |       ||     5
       Scroll            |       |     7 |     7 |     5 ||    19
 Stab: Sleeping          |     1 |     1 |       |       ||     2
       Distracted        |       |     1 |     1 |     1 ||     3
       Paralysed         |       |       |     3 |       ||     3
  Eat: Chunk             |     2 |     9 |     6 |    10 ||    27
       Ration            |       |       |     3 |     1 ||     4
Armor: Leather armour    |    29 |    28 |       |       ||    57
       Ring mail         |       |    29 |    72 |     7 ||   108
       Chain mail        |       |       |       |   100 ||   100
Dodge: Dodged            |    66 |   146 |   167 |   181 ||   560
       Deflected         |       |       |     6 |    19 ||    25

Table legend:
 A = Non-vault XP
 B = Vault XP
 C = Vault XP percentage of total XP
 D = Non-vault monster count
 E = Vault monster count
 F = Vault count percentage of total count
                 A         B        C        D         E       F
            +---------+---------+-------+---------+---------+-------
      Total |   12968 |    7647 |  37.1 |     233 |     112 |  32.5
            +---------+---------+-------+---------+---------+-------
        D:1 |      30 |       5 |  14.3 |      17 |       2 |  10.5
        D:2 |     130 |       5 |   3.7 |      26 |       2 |   7.1
        D:3 |     229 |      16 |   6.5 |      14 |       2 |  12.5
        D:4 |     535 |     131 |  19.7 |      20 |       4 |  16.7
        D:5 |     318 |      10 |   3.0 |      11 |       6 |  35.3
        D:6 |    1339 |     957 |  41.7 |      26 |      29 |  52.7
        D:7 |     499 |       0 |   0.0 |      13 |       0 |   0.0
        D:8 |    1316 |       0 |   0.0 |      21 |       0 |   0.0
        D:9 |    1028 |    4423 |  81.1 |      21 |      18 |  46.2
       D:10 |    2291 |     598 |  20.7 |      29 |       9 |  23.7
       D:11 |    4710 |    1502 |  24.2 |      29 |      40 |  58.0
       D:12 |     543 |       0 |   0.0 |       6 |       0 |   0.0
            +---------+---------+-------+---------+---------+-------
